 Dungeon Crawl Stone Soup version 0.22.1-2-g9c5b331383 (webtiles) character file.

2158 Ivernyr the Nimble (level 9, -2/34 HPs)
             Began as a Felid Air Elementalist on Nov 17, 2018.
             Was a Priest of Sif Muna.
             Slain by Harold
             ... wielding a +0 glaive
              (19 damage)
             ... on level 10 of the Dungeon.
             The game lasted 01:24:50 (15676 turns).

Ivernyr the Nimble (Felid Air Elementalist)        Turns: 15676, Time: 01:24:50

Health: -2/34      AC:  2    Str:  4    XL:     9   Next: 10%
Magic:  9/21       EV: 26    Int: 21    God:    Sif Muna [***...]
Gold:   625        SH:  0    Dex: 16    Spells: 5/23 levels left
                                        Lives:  0   Deaths: 2

rFire    . . .     SeeInvis +   (weapon unavailable)
rCold    . . .     Gourm    .   (shield unavailable)
rNeg     . . .     Faith    .   (armour unavailable)
rPois    .         Spirit   .   (helmet unavailable)
rElec    .         Reflect  .   (cloak unavailable)
rCorr    .         Harm     .   (gloves unavailable)
MR       +....                  (boots unavailable)
Stlth    +++.......             (no amulet)
HPRegen  0.11/turn              (no ring)
MPRegen  0.17/turn              (no ring)

@: quick
A: very small, no armour, no weapons or thrown items, stealth, claws 1, fangs 3,
see invisible, carnivore, speed 1, shaggy fur 2, slow metabolism 1, sharp paws
a: Divine Energy, Channel Magic, Renounce Religion


You were on level 10 of the Dungeon.
You worshipped Sif Muna.
Sif Muna was most pleased with you.
You were not hungry.

You visited 2 branches of the dungeon, and saw 11 of its levels.

You collected 625 gold pieces.

Inventory:

Jewellery
 y - an uncursed ring of protection from cold {unknown}
Wands
 l - a wand of random effects (51)
 p - a wand of flame (46)
 s - a wand of digging (28)
 w - a wand of disintegration (40)
 x - a wand of iceblast (23)
Scrolls
 a - 2 scrolls of enchant weapon {unknown}
 e - 5 scrolls of identify {unknown}
 f - 2 scrolls of enchant armour {unknown}
 h - 2 scrolls of random uselessness {unknown}
 i - 5 scrolls of remove curse {unknown}
 j - a scroll of blinking {unknown}
 k - a scroll of magic mapping {unknown}
 m - 2 scrolls of immolation {unknown}
 q - a scroll of amnesia {unknown}
 t - 2 scrolls of teleportation {unknown}
 v - a scroll of noise {unknown}
Potions
 c - a potion of mutation {unknown}
 d - 2 potions of cancellation {unknown}
 g - a potion of curing
 n - a potion of resistance {unknown}
 o - 3 potions of lignification {unknown}
 r - 3 potions of flight {unknown}
 u - a potion of might {unknown}
 z - a potion of degeneration {unknown}
 A - a potion of brilliance {unknown}
 B - a potion of magic {unknown}
Comestibles
 b - 20 rations


   Skills:
 + Level 10.7 Dodging
 - Level 2.6 Stealth
 + Level 7.6 Spellcasting
 - Level 5.0 Conjurations
 - Level 5.5 Charms
 + Level 4.1 Translocations
 * Level 9.5 Air Magic


You had 5 spell levels left.
You knew the following spells:

 Your Spells              Type           Power        Failure   Level  Hunger
a - Shock                 Conj/Air       ####         1%          1    None
b - Swiftness             Chrm/Air       #####...     1%          2    None
c - Static Discharge      Conj/Air       #####...     1%          3    None
d - Airstrike             Air            #####.....   1%          4    ###....
e - Mephitic Cloud        Conj/Pois/Air  ####....     3%          3    None
f - Conjure Flame         Conj/Fire      ###.....     9%          3    None
g - Blink                 Tloc           N/A          2%          2    None

Your spell library contained the following spells:

 Spells                   Type           Power        Failure   Level  Hunger
 Magic Dart               Conj           ####         1%          1    None
 Throw Frost              Conj/Ice       ###...       4%          2    None
 Ozocubu's Armour         Chrm/Ice       ###.....     8%          3    None
 Freeze                   Ice            #...         9%          1    None
 Summon Small Mammal      Summ           #...         9%          1    None
 Summon Lightning Spire   Summ/Air       ####....     12%         4    ###....
 Lightning Bolt           Conj/Air       #####.....   12%         5    #####..
 Call Imp                 Summ           #.......     13%         2    None
 Slow                     Hex            #.......     13%         2    None
 Call Canine Familiar     Summ           #.......     26%         3    None
 Summon Guardian Golem    Hex/Summ       #.......     26%         3    None
 Throw Icicle             Conj/Ice       ###.....     28%         4    ###....
 Summon Ice Beast         Ice/Summ       #.......     63%         4    ###....


Dungeon Overview and Level Annotations

Branches:
Dungeon (10/15)            Temple (1/1) D:5            Lair (0/6) D:9
    Orc (0/2) D:10

Altars:
Ashenzari
Cheibriados
Dithmenos
Elyvilon
Fedhas
Gozag
Hepliaklqana
Kikubaaqudgha
Makhleb
Nemelex Xobeh
Okawaru
Qazlal
Ru
Sif Muna
Trog
Uskayaw
Vehumet
Wu Jian
Xom
Yredelemnul
Zin
The Shining One

Shops:
D:9 :

Annotations:
D:7 3 runed doors, patcoet's ghost, novice HOFi
D:8 1 runed door
D:10 Harold


Innate Abilities, Weirdness & Mutations

You cannot wear armour.
You are incapable of wielding weapons or throwing items.
Your paws allow you to move quietly. (Stealth)
You have sharp claws.
You have razor-sharp teeth.
You have supernaturally acute eyesight. (SInv)
You are carnivorous and can eat meat at any time.
You cover ground quickly.
You are covered in thick fur. (AC +2)
You have a slow metabolism.
Your sharp claws are effective at attacking unaware monsters.


Message History

Press: ? - help, Shift-Dir - straight line, f/p - Harold
Aim: Harold, wielding a glaive and wearing a scale mail (lightly wounded, The zap hits Harold.
Harold is lightly wounded.
The orc shouts!
Casting: Shock (safe; 1% risk of failure)
Confirm with . or Enter, or press ? or * to list all spells.
Harold is struck by lightning.
Harold is lightly wounded.
The lightning grounds out.
Harold seems less confused.
The orc throws a tomahawk.
The tomahawk misses you. Harold hits you with a glaive!!
Ouch! That really hurt!
Casting: Static Discharge (safe; 1% risk of failure)
Confirm with . or Enter, or press ? or * to list all spells.
Okay, then.
The orc throws a tomahawk.
The tomahawk misses you.
Harold hits you from afar with a glaive!!
Ouch! That really hurt!
You die...

#...# ###### #...# ####.....
#...# #........ #...# #........
#...# ##### #........
############...###...####........
............)....§..(...........†
..................@.............x
...............(@.....o..........
...........#########..###########
...........# #..# # ...........#
#..# # #####......# #..# #
#......# #..######## # #......#
#.......... #......# #......#
####......#########......#


You could see Harold and an orc.

Vanquished Creatures
  2 two-headed ogres
  Pikel (D:4)
  Joseph (D:7)
  A hornet (D:9)
  A troll (D:10)
  2 hippogriffs (D:7)
  Sigmund (D:4)
  5 yaks (D:9)
  A wyvern (D:9)
  Eustachio (D:4)
  A hungry ghost (D:8)
  Duvessa (D:4)
  A water moccasin (D:6)
  3 orc warriors
  3 sky beasts
  An ogre (D:4)
  A phantom (D:10)
  6 centaurs
  A crocodile (D:10)
  A big kobold (D:8)
  Blork the orc (D:4)
  4 bullfrogs
  Dowan (D:4)
  A scorpion (D:8)
  A water moccasin skeleton (D:7)
  5 killer bees (D:10)
  3 howler monkeys
  2 crimson imps
  3 bullfrog zombies
  A quasit (D:7)
  5 orc priests
  A hound (D:4)
  4 jellies
  8 orc wizards
  A gnoll shaman (D:8)
  Jessica (D:3)
  4 worker ants
  3 iguanas
  Robin (D:1)
  10 adders
  14 gnolls
  2 shadow imps
  2 oozes
  2 worms
  A dart slug (D:1)
  8 leopard geckos
  33 orcs
  2 ball pythons
  7 giant cockroaches
  12 goblins
  9 hobgoblins
  8 jackals
  15 kobolds
  4 quokkas
  7 bats
  5 frilled lizards
  A leopard gecko skeleton (D:4)
  2 leopard gecko zombies
  5 rats
234 creatures vanquished.

Vanquished Creatures (others)
  4 slaves (D:4)
  3 fungi (D:7)
  A plant (D:7)
8 creatures vanquished.

Grand Total: 242 creatures vanquished

Notes
Turn   | Place    | Note
-------+----------+-------------------------------------------
     0 | D:1      | Ivernyr the Felid Air Elementalist began the quest for the
                  | Orb.
     0 | D:1      | Reached XP level 1. HP: 7/7 MP: 4/4
    71 | D:1      | Reached skill level 1 in Conjurations
   316 | D:1      | Reached skill level 3 in Dodging
   371 | D:1      | Reached XP level 2. HP: 4/11 MP: 0/6
   980 | D:1      | Learned a level 2 spell: Swiftness
  1490 | D:2      | Reached XP level 3. HP: 13/14 MP: 4/7
  1948 | D:2      | Reached XP level 4. HP: 18/18 MP: 0/8
  1976 | D:2      | Noticed Robin
  1992 | D:1      | Killed Robin
  2412 | D:2      | Reached skill level 4 in Dodging
  2826 | D:2      | Reached XP level 5. HP: 19/21 MP: 2/10
  3548 | D:3      | Noticed Jessica
  3889 | D:3      | Learned a level 3 spell: Static Discharge
  4168 | D:3      | Killed Jessica
  4310 | D:4      | Found an opulent altar of Gozag.
  4901 | D:4      | Gained mutation: You are covered in thick fur. (AC +2)
                  | [Felid growth]
  4901 | D:4      | Reached XP level 6. HP: 24/24 MP: 7/12
  5062 | D:4      | Reached skill level 5 in Dodging
  5308 | D:4      | Noticed a slave
  5308 | D:4      | Noticed a slave
  5308 | D:4      | Noticed Pikel
  5516 | D:4      | Noticed Blork the orc
  5525 | D:4      | HP: 1/24 [Blork the orc/puff of frost (8)]
  5527 | D:4      | Killed Blork the orc
  5824 | D:4      | Noticed Eustachio
  6075 | D:4      | Reached XP level 7. HP: 26/27 MP: 1/13
  6515 | D:4      | Killed Pikel
  6515 | D:4      | Reached skill level 6 in Dodging
  6515 | D:4      | Reached skill level 5 in Air Magic
  6515 | D:4      | Reached XP level 8. HP: 31/31 MP: 4/16
  6556 | D:4      | Killed Eustachio
  6671 | D:4      | Reached skill level 7 in Dodging
  6723 | D:4      | Noticed Sigmund
  6723 | D:4      | Noticed Duvessa
  6749 | D:4      | Killed Duvessa
  6749 | D:4      | Reached skill level 5 in Spellcasting
  6842 | D:4      | Noticed Dowan
  7099 | D:4      | Found a sacrificial altar of Ru.
  7286 | D:4      | Killed Sigmund
  7528 | D:4      | Killed Dowan
  7613 | D:5      | Entered Level 5 of the Dungeon
  7632 | D:5      | Learned a level 4 spell: Airstrike
  7700 | D:5      | Reached skill level 5 in Conjurations
  8017 | D:5      | Learned a level 3 spell: Mephitic Cloud
  8043 | D:5      | Reached skill level 1 in Charms
  8211 | D:5      | Learned a level 3 spell: Conjure Flame
  8330 | D:5      | Found a shadowy altar of Dithmenos.
  8619 | D:5      | Found a staircase to the Ecumenical Temple.
  8628 | Temple   | Entered the Ecumenical Temple
  9140 | D:6      | Reached skill level 8 in Dodging
  9201 | D:6      | Learned a level 2 spell: Blink
  9469 | D:6      | Found a shattered altar of Ashenzari.
  9492 | D:6      | Reached XP level 9. HP: 15/34 MP: 6/18
 10443 | D:6      | Found a stormy altar of Qazlal.
 10569 | D:6      | Found an opulent altar of Gozag.
 10569 | D:6      | Found an ornate altar of the Wu Jian Council.
 10570 | D:6      | Found a deep blue altar of Sif Muna.
 10583 | D:6      | Became a worshipper of Sif Muna the Loreminder
 10684 | D:7      | Noticed Joseph
 10922 | D:7      | Killed Joseph
 11252 | D:7      | Reached skill level 9 in Dodging
 11463 | D:7      | Reached * piety under Sif Muna
 12181 | D:7      | Found a white marble altar of Elyvilon.
 12181 | D:7      | Found a glowing golden altar of the Shining One.
 12182 | D:7      | Found a glowing silver altar of Zin.
 12328 | D:7      | Found a runed gate.
 12328 | D:7      | Found a runed gate.
 12330 | D:7      | Found a runed gate.
 12331 | D:7      | Noticed patcoet's ghost (novice HOFi)
 12350 | D:7      | Reached XP level 10. HP: 37/37 MP: 14/20
 12686 | D:8      | Found a glowing golden altar of the Shining One.
 12686 | D:8      | Noticed an angel
 12693 | D:8      | Found a runed door.
 13606 | D:9      | Found Zosmeash's Book Emporium.
 13615 | D:9      | Reached skill level 5 in Charms
 13857 | D:9      | Noticed a two-headed ogre
 13867 | D:9      | Killed a two-headed ogre
 13867 | D:9      | Reached ** piety under Sif Muna
 13867 | D:9      | Reached skill level 10 in Dodging
 13996 | D:9      | Found a hide-covered altar of Uskayaw.
 14000 | D:9      | Found a radiant altar of Vehumet.
 14050 | D:9      | Reached skill level 1 in Translocations
 14525 | D:9      | Found a staircase to the Lair.
 14706 | D:9      | Found a bloodstained altar of Trog.
 14820 | D:10     | Entered Level 10 of the Dungeon
 15123 | D:10     | Found a staircase to the Orcish Mines.
 15202 | D:10     | Reached *** piety under Sif Muna
 15205 | D:10     | Noticed Harold
 15243 | D:10     | Slain by a killer bee
 15244 | D:10     | Reached XP level 9. HP: -1/34 MP: 2/21
 15332 | D:10     | Noticed a two-headed ogre
 15348 | D:10     | Killed a two-headed ogre
 15348 | D:10     | Reached XP level 10. HP: 33/37 MP: 3/22
 15612 | D:10     | Noticed an unseen horror
 15618 | D:10     | Slain by an unseen horror
 15619 | D:10     | Reached XP level 9. HP: -5/34 MP: 1/21
 15676 | D:10     | Slain by Harold

Skill      XL: |  1  2  3  4  5  6  7  8  9 10 |
---------------+-------------------------------+-----
Conjurations   | 1 2 3 4 5 |  5.0
Dodging        | 3 4 5 6 8 9 10 | 10.7
Air Magic      | 3 4 5 6 7 9 |  9.5
Spellcasting   | 3 4 5 6 7 |  7.6
Charms         | 1 4 5 |  5.5
Translocations | 4 3 |  4.1
Stealth        | |  2.6

Action                   |  1- 3 |  4- 6 |  7- 9 | 10-12 || total
-------------------------+-------+-------+-------+-------++-------
Melee: Unarmed           |     5 |    18 |    12 |    31 ||    66
       Bite              |       |     1 |     6 |       ||     7
 Cast: Shock             |    65 |   195 |   277 |   112 ||   649
       Static Discharge  |       |     2 |    32 |    15 ||    49
       Airstrike         |       |       |     4 |    22 ||    26
       Mephitic Cloud    |       |       |    11 |     6 ||    17
       Conjure Flame     |       |       |       |     5 ||     5
       Blink             |       |       |       |     4 ||     4
       Swiftness         |       |       |       |     2 ||     2
  Use: Potion            |       |       |       |     4 ||     4
 Stab: Confused          |       |       |       |     4 ||     4
       Sleeping          |       |       |       |     1 ||     1
  Eat: Chunk             |     4 |    12 |    13 |     5 ||    34
Armor: Skin              |       |       |     4 |     5 ||     9
Dodge: Dodged            |    21 |    55 |    71 |   103 ||   250
